[Event "Titled Tuesday Blitz June 6 Early 2023"]
[White "Petrosyan, Manuel"]
[Black "Samunenkov, Ihor"]
[WhiteFideId "13300857"]
[BlackFideId "14187086"]
[WhiteElo "2576"]
[BlackElo "2457"]
[Result "1-0"]
[Round "9"]
[TimeControl "180+2"]
[Date "2023.06.06"]
[WhiteClock "0:00:14"]
[BlackClock "0:00:06"]
[Board "24"]

1. e4 c6 2. d4 d5 3. exd5 cxd5 4. Bd3 Nc6 5. c3 Nf6 6. Bf4 Bg4 7. Qb3 Qd7 8. Nd2 e6 9. h3 Bh5 10. Ngf3 Bd6 11. Bxd6 Qxd6 12. O-O O-O 13. a4 Ne7 14. Ne5 Bg6 15. Rfe1 Bxd3 16. Nxd3 Nf5 17. a5 Qc7 18. Qb4 Nd6 19. Qc5 Qe7 20. Re2 Rfc8 21. Qb4 Qc7 22. a6 b6 23. Ne5 Nfe4 24. Nxe4 Nxe4 25. Rae1 Nd6 26. Re3 Nf5 27. Rf3 Qd6 28. Qb5 Rc7 29. g3 Rac8 30. h4 h5 31. Rf4 Qd8 32. Qe2 g6 33. Nf3 Nd6 34. Ng5 Nf5 35. Kh2 Qd6 36. Nf3 Nh6 37. Ne5 Nf5 38. Rg1 Kf8 39. g4 hxg4 40. Qxg4 Kg7 41. h5 Rh8 42. Nxg6 Rh6 43. Ne5+ Kf8 44. Qg8+ Ke7 45. Qxf7+ 1-0


[Site "https://www.chess.com"]

[Event "Titled Tuesday Blitz June 6 Early 2023"]
[White "Kukhmazov, Arsen"]
[Black "Begmuratov, Alisher"]
[WhiteFideId "24108260"]
[BlackFideId "14203367"]
[WhiteElo "2396"]
[BlackElo "2387"]
[Result "1-0"]
[Round "9"]
[TimeControl "180+2"]
[Date "2023.06.06"]
[WhiteClock "0:00:06"]
[BlackClock "0:00:02"]
[Board "25"]

1. d4 d5 2. c4 e6 3. Nc3 Nf6 4. Bg5 Be7 5. e3 O-O 6. Qc2 c6 7. Nf3 Nbd7 8. O-O-O dxc4 9. Bxc4 b5 10. Bd3 Bb7 11. Ne5 h6 12. Nxd7 Nxd7 13. Bxe7 Qxe7 14. Kb1 c5 15. Nxb5 cxd4 16. Nxd4 Rfc8 17. Qe2 Ne5 18. Bc2 Rab8 19. e4 a5 20. f4 Nc4 21. Bb3 Ba6 22. Bxc4 Rxc4 23. Qd2 Rcb4 24. b3 Qb7 25. Rhe1 a4 26. Qc3 axb3 27. axb3 Bc4 28. Re3 Qd7 29. Kc1 Ba6 30. Nc2 Qe7 31. Nxb4 Rxb4 32. Rd7 Qf8 33. Qc7 Rb5 34. Qd8 Rc5+ 35. Kb2 Qxd8 36. Rxd8+ Kh7 37. Rc3 Rh5 38. h3 Rh4 39. Rf3 Bb7 40. Rf2 1-0


[Site "https://www.chess.com"]

[Event "Titled Tuesday Blitz June 6 Early 2023"]
[White "qx4z"]
[Black "Korchmar, Vasiliy"]
[BlackFideId "24131750"]
[WhiteElo "2762"]
[BlackElo "2370"]
[Result "0-1"]
[Round "9"]
[TimeControl "180+2"]
[Date "2023.06.06"]
[WhiteClock "0:00:53"]
[BlackClock "0:00:42"]
[Board "26"]

1. d4 d5 2. Bf4 Nf6 3. e3 c5 4. Nf3 Nc6 5. Nbd2 cxd4 6. exd4 Qb6 7. Nb3 Bf5 8. a4 a6 9. a5 Qd8 10. Bd3 Bxd3 11. Qxd3 e6 12. O-O Be7 13. c3 O-O 14. Rfe1 Rc8 15. Ne5 Nxe5 16. dxe5 Ne4 17. Re3 Nc5 18. Nxc5 Rxc5 19. Rh3 g6 20. Bh6 Re8 21. b4 Rc4 22. Be3 Qc7 23. Bd4 Rc8 24. g4 Bg5 25. Re1 Qc6 26. Qg3 Bd2 27. Re3 Rxd4 28. cxd4 Qc1+ 29. Kg2 Bxe3 30. Qxe3 Qxe3 31. Rxe3 Rc4 32. Rb3 Rxd4 33. Kf3 g5 34. Ke3 Rxg4 35. f3 Rc4 36. Kd3 Kg7 0-1


[Site "https://www.chess.com"]

[Event "Titled Tuesday Blitz June 6 Early 2023"]
[White "splendidkid"]
[Black "Sourath Biswas"]
[BlackFideId "35091484"]
[WhiteElo "2758"]
[BlackElo "2171"]
[Result "0-1"]
[Round "9"]
[TimeControl "180+2"]
[Date "2023.06.06"]
[WhiteClock "0:00:05"]
[BlackClock "0:00:35"]
[Board "27"]

1. d4 Nf6 2. c4 g6 3. Nf3 Bg7 4. Nc3 O-O 5. Bf4 c5 6. e3 cxd4 7. exd4 d5 8. h3 Nc6 9. Be2 b6 10. O-O Bb7 11. Ne5 dxc4 12. Bf3 Rc8 13. Qa4 Qxd4 14. Bxc6 Qxf4 15. Bxb7 Rc7 16. Nxf7 Rxb7 17. g3 Qf5 18. g4 Nxg4 19. Qc6 Rbb8 20. Qxc4 Rxf7 21. hxg4 Qf4 22. Qe6 Qe5 23. Rae1 Qxe6 24. Rxe6 Rc8 25. Nd5 Kf8 26. b3 Rd8 27. Ne3 Rd2 28. Rc6 Bd4 29. Nd1 Rxa2 30. Kg2 Rd2 31. Kg3 Rd3+ 32. Kh4 Rxb3 33. f4 Bf6+ 34. g5 Be5 35. Kg4 Rb4 36. Kh3 Rfxf4 37. Rxf4+ Rxf4 38. Ne3 Rf3+ 39. Kg4 Rxe3 40. Rc4 Rg3+ 41. Kh4 Rf3 42. Kg4 Rf4+ 43. Rxf4+ Bxf4 44. Kxf4 a5 45. Ke5 a4 46. Kd4 a3 47. Kc3 e5 48. Kb3 Ke7 49. Kxa3 Ke6 50. Kb4 Kf5 51. Kc4 Kxg5 52. Kd3 Kf4 53. Ke2 b5 54. Kd3 b4 55. Kc4 h5 56. Kxb4 h4 57. Kc4 h3 58. Kd5 h2 59. Ke6 h1=Q 60. Kf6 g5 61. Kg6 g4 62. Kf6 g3 63. Ke6 g2 64. Kd5 e4 65. Kd4 e3 66. Kd3 e2 67. Kd2 e1=Q+ 68. Kd3 g1=Q 69. Kc2 Qc6+ 70. Kd3 Qge3# 0-1


[Site "https://www.chess.com"]

[Event "Titled Tuesday Blitz June 6 Early 2023"]
[White "Kushko, Dmitriy"]
[Black "Streltsov, Alexey"]
[WhiteFideId "14162261"]
[BlackFideId "24104434"]
[WhiteElo "2230"]
[BlackElo "2565"]
[Result "1/2-1/2"]
[Round "9"]
[TimeControl "180+2"]
[Date "2023.06.06"]
[WhiteClock "0:00:06"]
[BlackClock "0:00:21"]
[Board "28"]

1. Nf3 d5 2. g3 Nc6 3. d4 Bf5 4. Bg2 Nb4 5. Na3 e6 6. O-O Nf6 7. Ne5 Bd6 8. c3 Na6 9. Qa4+ Nd7 10. f4 f6 11. Nd3 c6 12. Nf2 O-O 13. e4 Bg6 14. Be3 Qe7 15. b4 dxe4 16. Nxe4 Bxe4 17. Bxe4 e5 18. dxe5 fxe5 19. Rae1 Nf6 20. Bxc6 Nxb4 21. cxb4 bxc6 22. Qxc6 Bxb4 23. fxe5 Bxe1 24. Rxe1 Qxa3 25. exf6 gxf6 26. Bc5 Qc3 27. Re7 Rac8 28. Qe6+ Kh8 29. Be3 Qe1+ 30. Kg2 Rc2+ 31. Kh3 Qf1+ 32. Kh4 Qc4+ 33. Kh5 Qxe6 34. Rxe6 a5 35. h4 a4 36. Bd4 Rc4 37. Bxf6+ Kg8 38. g4 Kf7 39. Ra6 Re8 40. g5 Ree4 41. Ra7+ Ke6 42. Rxh7 Rxh4+ 43. Kg6 Rxh7 44. Kxh7 Rc7+ 45. Bg7 a3 46. g6 Rc2 47. Bd4 Rxa2 48. g7 Rh2+ 49. Kg6 Rg2+ 50. Kh7 a2 51. g8=Q+ Rxg8 52. Kxg8 Kd5 53. Bg7 Kc4 54. Kf7 Kd3 55. Ke6 Kc2 56. Kd5 Kb1 57. Kc4 a1=Q 58. Bxa1 1/2-1/2


[Site "https://www.chess.com"]

[Event "Titled Tuesday Blitz June 6 Early 2023"]
[White "Yuan, Qingyu"]
[Black "Galchenko, Matvey"]
[WhiteFideId "8609772"]
[BlackFideId "24175480"]
[WhiteElo "2359"]
[BlackElo "2423"]
[Result "1/2-1/2"]
[Round "9"]
[TimeControl "180+2"]
[Date "2023.06.06"]
[WhiteClock "0:00:10"]
[BlackClock "0:00:16"]
[Board "29"]

1. e4 e6 2. d4 d5 3. Nd2 a6 4. Ngf3 Nf6 5. Bd3 c5 6. dxc5 dxe4 7. Nxe4 Nxe4 8. Bxe4 Qxd1+ 9. Kxd1 Bxc5 10. Ke2 Nd7 11. Be3 Bxe3 12. Kxe3 Nc5 13. Rhd1 Nxe4 14. Kxe4 Bd7 15. Ne5 Rd8 16. g3 f6 17. Nxd7 Rxd7 18. Rxd7 Kxd7 19. Rd1+ Ke7 20. Rd4 Rc8 21. c3 Rc5 22. Rb4 b5 23. a4 Kd6 24. axb5 axb5 25. Rd4+ Kc7 26. Kd3 Re5 27. f4 Re1 28. Re4 Rh1 29. Rxe6 Rxh2 30. Re7+ Kd6 31. Rxg7 Rxb2 32. Rxh7 Rg2 33. Rg7 Kd5 34. Rg6 Rg1 35. g4 Rg3+ 36. Kd2 Ke4 37. f5 Rg2+ 38. Kc1 Kd3 39. Rxf6 Rxg4 40. Rc6 Rg2 41. Kb1 Rf2 42. Rc5 Rh2 43. f6 Rf2 44. Rc6 Ke4 45. Kc1 Kd5 46. Rc8 Rxf6 47. Kb2 Rf1 48. Kb3 Rb1+ 49. Kc2 Rh1 50. Rc7 Kd6 51. Rc8 Kd7 52. Rc5 Kd6 53. Rxb5 Kc6 54. Re5 Rh4 55. Kd3 Rg4 56. Kc2 Rh4 57. Kb3 Rg4 58. Rh5 Rf4 59. Rg5 Rh4 60. Ra5 Rg4 61. Ra6+ Kc5 62. Rh6 Rf4 63. Rh5+ Kc6 64. Rg5 Rh4 65. Rf5 Rg4 66. Rf6+ Kc5 67. Rf5+ Kc6 68. c4 Rg1 69. Rf6+ Kc5 70. Rf5+ Kc6 71. Rh5 Rb1+ 72. Kc2 Rg1 73. Kd3 Rd1+ 74. Kc3 Rg1 75. Kd2 Ra1 76. Rg5 Rf1 77. Kc2 Rh1 78. Kb2 Rf1 79. Rg2 Rh1 80. Kc3 Rc1+ 81. Kb3 Rb1+ 82. Kc2 Rh1 83. Rg5 Rf1 84. Kc3 Rc1+ 85. Kd4 Rd1+ 86. Kc3 Rh1 87. Kb4 Rb1+ 88. Kc3 Rc1+ 89. Kb3 Rb1+ 90. Kc2 Rh1 91. Rf5 Rg1 92. Kc3 Rc1+ 93. Kb3 Rb1+ 94. Kc2 Rh1 95. Rg5 Rf1 96. Rh5 Rg1 97. Kd3 Rd1+ 98. Kc3 Rg1 99. Rf5 Rc1+ 100. Kb3 Rb1+ 101. Kc3 Rc1+ 1/2-1/2


[Site "https://www.chess.com"]

[Event "Titled Tuesday Blitz June 6 Early 2023"]
[White "Chylewski, Patryk"]
[Black "demon64fields"]
[WhiteFideId "1186191"]
[WhiteElo "2163"]
[BlackElo "2833"]
[Result "0-1"]
[Round "9"]
[TimeControl "180+2"]
[Date "2023.06.06"]
[WhiteClock "0:00:01"]
[BlackClock "0:02:12"]
[Board "30"]

1. e4 g6 2. d4 Bg7 3. Nc3 a6 4. a4 d6 5. Be3 Nd7 6. g4 b6 7. Bg2 Bb7 8. Nge2 e6 9. O-O h5 10. g5 Ne7 11. h4 O-O 12. Ng3 c5 13. Qd2 Rc8 14. Rad1 cxd4 15. Bxd4 Ne5 16. Bxe5 Bxe5 17. f4 Bg7 18. Qxd6 Qxd6 19. Rxd6 Bxc3 20. bxc3 Rxc3 21. Rd7 Bc6 22. Rxe7 Rxg3 23. Kh2 Rc3 24. Rf2 Bxa4 25. Rb7 b5 26. f5 Rxc2 27. Rxc2 Bxc2 28. fxg6 fxg6 29. Rb6 Kf7 30. Rxa6 Rb8 31. Ra7+ Kf8 32. Bh3 Rb6 33. e5 b4 34. Ra8+ Ke7 35. Ra7+ Kd8 36. Ra8+ Kc7 37. Ra2 b3 38. Rb2 Bf5 39. Bg2 Rb5 40. Bf1 Rb4 41. Kg3 Kb6 42. Be2 Bc2 43. Bf3 Kc5 44. Be2 Kd4 0-1


[Site "https://www.chess.com"]

[Event "Titled Tuesday Blitz June 6 Early 2023"]
[White "Reprintsev, Alexander"]
[Black "Dragnev, Valentin"]
[WhiteFideId "14100541"]
[BlackFideId "1634852"]
[WhiteElo "2229"]
[BlackElo "2487"]
[Result "1-0"]
[Round "9"]
[TimeControl "180+2"]
[Date "2023.06.06"]
[WhiteClock "0:01:01"]
[BlackClock "0:00:50"]
[Board "31"]

1. e4 c6 2. b3 d5 3. Qe2 dxe4 4. Nc3 Nf6 5. Nxe4 Qd4 6. Nc3 Bf5 7. Nf3 Qd8 8. Bb2 Nbd7 9. O-O-O e6 10. Nh4 Bg6 11. Nxg6 hxg6 12. f4 Bd6 13. g3 Qa5 14. Kb1 O-O-O 15. Bg2 Kb8 16. Bf3 Ba3 17. Ba1 Bb4 18. Qg2 Nb6 19. Rhe1 Nbd5 20. Nxd5 cxd5 21. Be5+ Bd6 22. g4 Bxe5 23. fxe5 Nd7 24. h4 Rc8 25. h5 Rc6 26. hxg6 Ra6 27. a4 Nc5 28. Be2 Rb6 29. Bb5 a6 30. Qf2 Ne4 31. Rxe4 dxe4 32. gxf7 Rf8 33. Rf1 Rxf7 34. Qxf7 axb5 35. Qe8+ Ka7 36. Rf8 Rc6 37. Qa8+ Kb6 38. Qd8+ Ka6 39. Qd4 1-0


[Site "https://www.chess.com"]

[Event "Titled Tuesday Blitz June 6 Early 2023"]
[White "Zhigalko, Sergei"]
[Black "Fiorito, Joaquin"]
[WhiteFideId "13502956"]
[BlackFideId "180173"]
[WhiteElo "2626"]
[BlackElo "2199"]
[Result "1-0"]
[Round "9"]
[TimeControl "180+2"]
[Date "2023.06.06"]
[WhiteClock "0:00:50"]
[BlackClock "0:00:33"]
[Board "32"]

1. e4 c6 2. d4 d5 3. e5 Bf5 4. Nf3 e6 5. Be2 c5 6. O-O Nc6 7. c3 Bg4 8. Nbd2 Rc8 9. h3 Bxf3 10. Nxf3 cxd4 11. cxd4 Nge7 12. Bd3 Qb6 13. Be3 g6 14. Qd2 Nf5 15. Bxf5 gxf5 16. Rac1 Rg8 17. a3 a5 18. Rc3 Be7 19. Rfc1 Kd7 20. Ne1 f4 21. Bxf4 Nxd4 22. Be3 Nb3 23. Qd1 Rxc3 24. Rxc3 Nc5 25. Nd3 d4 26. Bxd4 Qc6 27. Nxc5+ Ke8 28. Qf3 1-0


[Site "https://www.chess.com"]

[Event "Titled Tuesday Blitz June 6 Early 2023"]
[White "Tejedor Fuente, Enrique"]
[Black "Sielecki, Christof"]
[WhiteFideId "2299100"]
[BlackFideId "4620437"]
[WhiteElo "2496"]
[BlackElo "2443"]
[Result "1/2-1/2"]
[Round "9"]
[TimeControl "180+2"]
[Date "2023.06.06"]
[WhiteClock "0:00:06"]
[BlackClock "0:00:09"]
[Board "33"]

1. Nf3 d5 2. b4 Nf6 3. Bb2 Bg4 4. e3 e6 5. a3 Nbd7 6. Be2 Bd6 7. O-O O-O 8. d4 Ne4 9. c4 c6 10. Nbd2 f5 11. b5 Rf6 12. bxc6 bxc6 13. Nxe4 fxe4 14. Ne5 Bxe2 15. Qxe2 Bxe5 16. dxe5 Rf5 17. cxd5 cxd5 18. Qa6 Qb6 19. Qxb6 axb6 20. Bd4 Nxe5 21. Bxb6 Nc4 22. Bc5 Rf7 23. Rfb1 Rc7 24. Bb4 Rca7 25. Rb3 Kf7 26. h3 h5 27. Bc5 Rc7 28. Bd4 e5 29. Bc3 Ke6 30. a4 Rca7 31. a5 Nxa5 32. Rb6+ Kf5 33. g4+ hxg4 34. hxg4+ Kxg4 35. Rd6 Nc4 36. Rxa7 Rxa7 37. Rxd5 Kf3 38. Bxe5 Ra5 39. Rxa5 Nxa5 40. Bxg7 Nc4 41. Bc3 Nd6 42. Kf1 Nf5 43. Bd4 Nh6 44. Bf6 Ng4 45. Bh4 Ne5 46. Bg3 Nd3 47. Bh4 Ne5 48. Ke1 Nd3+ 49. Kf1 Nc1 50. Be7 Nb3 51. Bb4 Nc1 52. Be7 Nd3 53. Bh4 1/2-1/2


[Site "https://www.chess.com"]

[Event "Titled Tuesday Blitz June 6 Early 2023"]
[White "Fier, Alexandr"]
[Black "Lee, Qing Aun"]
[WhiteFideId "2107139"]
[BlackFideId "5804167"]
[WhiteElo "2610"]
[BlackElo "2179"]
[Result "1-0"]
[Round "9"]
[TimeControl "180+2"]
[Date "2023.06.06"]
[WhiteClock "0:02:27"]
[BlackClock "0:00:25"]
[Board "34"]

1. e4 c5 2. f4 Nc6 3. Nf3 g6 4. Bc4 Bg7 5. O-O e6 6. d3 Nge7 7. Qe1 d5 8. Bb3 O-O 9. c3 b5 10. Be3 c4 11. dxc4 bxc4 12. Bc2 dxe4 13. Bxe4 Bb7 14. Nbd2 Nd5 15. Bc5 Re8 16. Nxc4 Nce7 17. Nd6 Qc7 18. Ba3 Red8 19. Nxb7 Qxb7 20. c4 Qb6+ 21. Kh1 Nc6 22. cxd5 exd5 23. Bd3 1-0


[Site "https://www.chess.com"]

[Event "Titled Tuesday Blitz June 6 Early 2023"]
[White "Domingo Nunez, Alejandro"]
[Black "Djordjevic, Vuk"]
[WhiteFideId "22245561"]
[BlackFideId "902098"]
[WhiteElo "2291"]
[BlackElo "2463"]
[Result "0-1"]
[Round "9"]
[TimeControl "180+2"]
[Date "2023.06.06"]
[WhiteClock "0:00:21"]
[BlackClock "0:00:10"]
[Board "35"]

1. Nf3 e6 2. g3 d5 3. Bg2 Nf6 4. O-O Be7 5. c4 O-O 6. b3 c6 7. Bb2 a5 8. d4 b5 9. Ne5 bxc4 10. bxc4 Nfd7 11. Nxd7 Nxd7 12. Nc3 Ba6 13. cxd5 cxd5 14. Qa4 Nb6 15. Qc2 Rc8 16. Rfc1 Nc4 17. Qb1 Bb4 18. a3 Be7 19. Na4 Rb8 20. Qc2 Bg5 21. e3 Nxe3 22. fxe3 Bxe3+ 23. Kh1 Bxc1 24. Rxc1 Qf6 25. Nc5 Rfc8 26. Bc3 Bb5 27. Qd2 a4 28. Re1 h6 29. Bb4 Bc6 30. Kg1 Qg6 31. Bf1 Bb5 32. Bxb5 Rxb5 33. Nxa4 Rc4 34. Nc3 Rb8 35. Na4 Qf6 36. Nc5 Qxd4+ 37. Qxd4 Rxd4 38. Ra1 Ra8 39. Nd7 Rxb4 0-1


[Site "https://www.chess.com"]

[Event "Titled Tuesday Blitz June 6 Early 2023"]
[White "Weetik, Vjacheslav"]
[Black "Girya, Olga"]
[WhiteFideId "4153472"]
[BlackFideId "4195752"]
[WhiteElo "2469"]
[BlackElo "2263"]
[Result "1-0"]
[Round "9"]
[TimeControl "180+2"]
[Date "2023.06.06"]
[WhiteClock "0:00:33"]
[BlackClock "0:00:02"]
[Board "36"]

1. d4 Nf6 2. c4 e6 3. g3 d5 4. Nf3 Be7 5. Bg2 O-O 6. O-O dxc4 7. Qc2 a6 8. a4 Bd7 9. Qxc4 Bc6 10. Bf4 Bd6 11. Nc3 Bxf4 12. gxf4 a5 13. Rad1 Na6 14. Ne5 Bxg2 15. Kxg2 c6 16. e3 Qe7 17. Kh1 Rfd8 18. Rg1 Nb4 19. Rg3 c5 20. Rdg1 g6 21. Nb5 Rac8 22. Qe2 Nc6 23. Qf3 cxd4 24. Nxc6 bxc6 25. Nxd4 Qd7 26. f5 exf5 27. Nxf5 Kf8 28. Nd4 Qd5 29. h3 Qxf3+ 30. Rxf3 Ne4 31. Ne6+ Ke7 32. Nxd8 Rxd8 33. Rf4 f5 34. f3 Nf2+ 35. Kh2 Rd2 36. Rg2 Rxb2 37. Rh4 Kd6 38. Rxh7 c5 39. Rxg6+ Kd5 40. Rg2 c4 41. Rc7 Rc2 42. h4 c3 43. h5 Kd6 44. Rc8 Kd7 45. Rc4 Ke6 46. h6 1-0


[Site "https://www.chess.com"]

[Event "Titled Tuesday Blitz June 6 Early 2023"]
[White "Koshulyan, Egor A."]
[Black "Perez, Maximiliano"]
[WhiteFideId "24237000"]
[BlackFideId "117234"]
[WhiteElo "2216"]
[BlackElo "2334"]
[Result "0-1"]
[Round "9"]
[TimeControl "180+2"]
[Date "2023.06.06"]
[WhiteClock "0:00:01"]
[BlackClock "0:00:02"]
[Board "37"]

1. e4 c5 2. Nf3 Nc6 3. d4 cxd4 4. Nxd4 e5 5. Nb5 d6 6. N1c3 a6 7. Na3 Be7 8. Be3 b5 9. Nd5 Nf6 10. Bb6 Qd7 11. Nc7+ Kf8 12. Nxa8 Qb7 13. Nc7 Qxb6 14. Nd5 Qc5 15. Nxf6 Bxf6 16. c3 Be6 17. Be2 Bh4 18. O-O Ke7 19. Nc2 d5 20. exd5 Bxd5 21. Ne3 Be6 22. Qc2 g6 23. Rad1 Bg5 24. b4 Qa7 25. Nd5+ Kf8 26. a4 Qb7 27. axb5 axb5 28. f4 Bxd5 29. Rxd5 Bxf4 30. Rxb5 Qc7 31. Bf3 Nd4 32. Qd3 Nxb5 33. Qxb5 Qxc3 34. Qb7 Kg7 35. Bd5 Rf8 36. g3 Bxg3 37. Rxf7+ Rxf7 38. Qxf7+ Kh6 39. Qf8+ Kg5 40. hxg3 Qd4+ 41. Kh2 Qxd5 42. Qe7+ Kg4 43. Qh4+ Kf3 44. Qf6+ Ke2 45. Qe7 h5 46. Qf6 e4 47. Qxg6 e3 48. Qc2+ Qd2 49. Qc4+ Kf3+ 50. Kh3 Qg2+ 51. Kh4 Qxg3+ 52. Kxh5 e2 53. Qd5+ Kf2 54. Qd4+ Qe3 55. Qh4+ Kf1 56. Qh1+ Qg1 57. Qf3+ Ke1 58. Qc3+ Kf2 59. Qd4+ Kg2 60. Qg4+ Kf1 61. Qf4+ Qf2 62. Qc4 Qf3+ 63. Kg5 Qe3+ 64. Kh5 Qh3+ 65. Kg5 Qg2+ 66. Kh5 Kg1 67. Qd4+ Kh1 68. Qa1+ Qg1 69. Qa8+ Kh2 70. Qb8+ Qg3 71. Qe8 e1=Q 72. Qd7 Qee5+ 73. Kh6 Qgg5+ 74. Kh7 Qef5+ 75. Kh8 Qf8+ 76. Kh7 Qgh6# 0-1


[Site "https://www.chess.com"]

[Event "Titled Tuesday Blitz June 6 Early 2023"]
[White "benny_aizenberg"]
[Black "Aldokhin, Ivan"]
[BlackFideId "24115720"]
[WhiteElo "2715"]
[BlackElo "2322"]
[Result "1-0"]
[Round "9"]
[TimeControl "180+2"]
[Date "2023.06.06"]
[WhiteClock "0:01:33"]
[BlackClock "0:00:07"]
[Board "38"]

1. b3 d5 2. Bb2 Bg4 3. h3 Bh5 4. g4 Bg6 5. Bg2 e6 6. Nf3 Nf6 7. O-O c5 8. d3 Nc6 9. Nbd2 Be7 10. Re1 Qc7 11. e4 dxe4 12. dxe4 O-O-O 13. Qe2 h5 14. g5 Nh7 15. h4 f6 16. Qe3 fxg5 17. hxg5 Nd4 18. Rac1 h4 19. c3 h3 20. Bxh3 Nxg5 21. Nxg5 Bxg5 22. Qxg5 Rxh3 23. cxd4 Qh2+ 24. Kf1 1-0


[Site "https://www.chess.com"]

[Event "Titled Tuesday Blitz June 6 Early 2023"]
[White "Martic, Ivan"]
[Black "Quintiliano Pinto, Renato R."]
[WhiteFideId "929301"]
[BlackFideId "2117568"]
[WhiteElo "2346"]
[BlackElo "2459"]
[Result "1/2-1/2"]
[Round "9"]
[TimeControl "180+2"]
[Date "2023.06.06"]
[WhiteClock "0:00:02"]
[BlackClock "0:00:18"]
[Board "39"]

1. e4 c5 2. Nf3 d6 3. Bb5+ Bd7 4. Bxd7+ Nxd7 5. O-O Ngf6 6. Re1 e6 7. d4 cxd4 8. Nxd4 Rc8 9. b3 a6 10. c4 Be7 11. Bb2 O-O 12. Nc3 Qa5 13. Rc1 Rfe8 14. Qd2 Bf8 15. Rcd1 Red8 16. h3 g6 17. Nf3 b5 18. Nd5 Qxd2 19. Nxf6+ Nxf6 20. Rxd2 Nd7 21. cxb5 axb5 22. Nh2 b4 23. Ng4 h5 24. Ne3 Ra8 25. Ba1 Nc5 26. Nc4 Nxe4 27. Rxe4 d5 28. Bf6 Rdb8 29. Be5 Rb5 30. Nd6 Bxd6 31. Ree2 Bxe5 32. Rxe5 Rba5 33. Ree2 Rc8 34. f4 Rc3 35. Kf2 h4 36. Rc2 Rac5 37. Rcd2 Kg7 38. Rd4 Rb5 39. Ke1 Kf6 40. Kd2 Ke7 41. a4 Rbc5 42. Rxb4 Rc2+ 43. Ke3 R5c3+ 44. Kf2 Rxe2+ 45. Kxe2 Rc2+ 46. Kf3 Ra2 47. Rb7+ Kf6 48. Rb5 Ra3 49. a5 Kf5 50. Rb7 f6 51. Rb5 g5 52. fxg5 fxg5 53. Ke3 Ke5 54. Kd3 Ra2 55. b4 Ra3+ 56. Kc2 Kd4 57. Kb2 Rg3 58. a6 Rxg2+ 59. Kb3 Rg3+ 60. Ka4 Rg1 61. Ra5 Ra1+ 62. Kb5 Rc1 63. a7 Rc8 64. a8=Q Rxa8 65. Rxa8 e5 66. Rg8 e4 67. Rxg5 e3 68. Rg4+ Kd3 69. Kc5 e2 70. Rg1 d4 71. b5 Ke3 72. b6 Kf2 73. Ra1 d3 74. b7 d2 75. b8=Q e1=Q 76. Qf4+ Kg2 77. Qg4+ Kh2 78. Qf4+ Kg2 79. Qg5+ Kh1 80. Qd5+ Kh2 81. Qd6+ Kxh3 82. Qd3+ Kh2 83. Qd6+ Kg2 84. Qg6+ Kh1 85. Qc6+ Kh2 86. Qd6+ Kg1 87. Qg6+ Kh2 88. Qd6+ 1/2-1/2


[Site "https://www.chess.com"]

[Event "Titled Tuesday Blitz June 6 Early 2023"]
[White "Garcia Blanco, Omar"]
[Black "Tristan, Leonardo"]
[WhiteFideId "2287153"]
[BlackFideId "113816"]
[WhiteElo "2356"]
[BlackElo "2461"]
[Result "0-1"]
[Round "9"]
[TimeControl "180+2"]
[Date "2023.06.06"]
[WhiteClock "0:00:03"]
[BlackClock "0:00:10"]
[Board "40"]

1. e4 d5 2. exd5 Qxd5 3. Nc3 Qa5 4. d4 Nf6 5. Bd2 Bg4 6. f3 Bd7 7. Bc4 Qb6 8. Nge2 e6 9. Bb3 Be7 10. Be3 O-O 11. Qd2 Qa6 12. Ne4 Nc6 13. O-O Na5 14. N2c3 Nc4 15. Bxc4 Qxc4 16. Rad1 Rad8 17. Nxf6+ Bxf6 18. Bg5 Bxg5 19. Qxg5 h6 20. Qa5 a6 21. Qe5 Bc6 22. Qc5 Qxc5 23. dxc5 Rfe8 24. Kf2 Kf8 25. b4 Rxd1 26. Rxd1 Rb8 27. a4 Be8 28. Ke3 Ke7 29. f4 b6 30. cxb6 cxb6 31. f5 Rc8 32. Rd3 Rc4 33. fxe6 fxe6 34. b5 axb5 35. Nxb5 Rxa4 36. Nd4 Rc4 37. Rb3 b5 38. c3 Rc5 39. Kd2 Bd7 40. Ra3 e5 41. Nf3 Bc6 42. Ra7+ Kf6 43. Rc7 Rd5+ 44. Ke3 Rd6 45. Nd2 g6 46. g3 Kg5 47. h3 Bg2 48. Rc5 Rd5 49. Rc6 Rxd2 50. Re6 Rd5 51. Kf2 Bxh3 52. g4 Bxg4 0-1


[Site "https://www.chess.com"]

[Event "Titled Tuesday Blitz June 6 Early 2023"]
[White "Amilal Munkhdalai"]
[Black "Terletsky, Oleg"]
[WhiteFideId "4903250"]
[BlackFideId "14116774"]
[WhiteElo "2293"]
[BlackElo "2126"]
[Result "1-0"]
[Round "9"]
[TimeControl "180+2"]
[Date "2023.06.06"]
[WhiteClock "0:00:53"]
[BlackClock "0:00:03"]
[Board "41"]

1. e4 e5 2. Nf3 Nc6 3. Bb5 a6 4. Ba4 Nf6 5. d3 b5 6. Bb3 Be7 7. O-O d6 8. c3 O-O 9. Re1 Na5 10. Bc2 c5 11. d4 cxd4 12. cxd4 Qc7 13. Bg5 Bg4 14. Nc3 b4 15. Bxf6 bxc3 16. Bxe7 cxb2 17. Bxf8 bxa1=Q 18. Qxa1 Bxf3 19. Bxd6 Qxd6 20. gxf3 exd4 21. e5 Qb4 22. Rd1 Rd8 23. f4 g6 24. Bd3 Nc4 25. Rb1 Qa4 26. Rc1 Nd2 27. Rc2 Nf3+ 28. Kg2 Nh4+ 29. Kg3 Qa3 30. Qd1 Nf5+ 31. Kg2 Qb4 32. Bxf5 gxf5 33. Qd3 Qb7+ 34. f3 Qd5 35. Qxf5 d3 36. Rd2 Rd7 37. Qe4 Qc6 38. Qxc6 1-0


[Site "https://www.chess.com"]

[Event "Titled Tuesday Blitz June 6 Early 2023"]
[White "Liu, Casper"]
[Black "Fus, Jakub"]
[WhiteFideId "1454153"]
[BlackFideId "1193023"]
[WhiteElo "2221"]
[BlackElo "2335"]
[Result "0-1"]
[Round "9"]
[TimeControl "180+2"]
[Date "2023.06.06"]
[WhiteClock "0:01:24"]
[BlackClock "0:00:49"]
[Board "42"]

1. e4 c6 2. c4 d5 3. exd5 cxd5 4. cxd5 Nf6 5. Bb5+ Nbd7 6. Nc3 g6 7. Nf3 Bg7 8. O-O O-O 9. d4 Nb6 10. Re1 Nbxd5 11. Bg5 Be6 12. h3 Rc8 13. Rc1 Qa5 14. Qa4 Qxa4 15. Nxa4 b6 16. a3 Rxc1 17. Rxc1 Rc8 18. Ne5 Ne4 19. Rxc8+ Bxc8 20. Be3 Nxe3 21. fxe3 Bxe5 22. dxe5 Bb7 23. Nc3 Nxc3 24. bxc3 g5 25. g3 Be4 26. Kf2 Kg7 27. h4 gxh4 28. gxh4 Kg6 29. Bd7 Bf5 30. Bc6 Bc2 31. Bd7 Bf5 32. Bc6 f6 33. exf6 Kxf6 34. Kg3 Ke5 35. h5 h6 36. Kf3 Bc2 37. Be8 Bd1+ 38. Kg3 Ke4 39. Kf2 Kd3 40. Kg3 Kxe3 41. Bf7 e5 42. c4 e4 43. Bd5 Bc2 44. Kg4 Kd2 0-1


[Site "https://www.chess.com"]

[Event "Titled Tuesday Blitz June 6 Early 2023"]
[White "Bilan, Danila"]
[Black "Ashraf, Artin"]
[WhiteFideId "24161918"]
[BlackFideId "22514805"]
[WhiteElo "2146"]
[BlackElo "2224"]
[Result "1-0"]
[Round "9"]
[TimeControl "180+2"]
[Date "2023.06.06"]
[WhiteClock "0:00:04"]
[BlackClock "0:00:09"]
[Board "43"]

1. d4 d5 2. Nf3 Nf6 3. c4 e6 4. Nc3 Nbd7 5. Bg5 Be7 6. e3 O-O 7. Bd3 dxc4 8. Bxc4 a6 9. O-O b5 10. Be2 Bb7 11. Ne5 c5 12. Bf3 Bxf3 13. Qxf3 Nxe5 14. dxe5 Nd7 15. Bf4 Qb6 16. Rfd1 Rad8 17. Qg3 Kh8 18. h4 c4 19. h5 h6 20. Ne4 Nc5 21. Nxc5 Bxc5 22. Qf3 Be7 23. Qe4 Qa5 24. a3 Qc7 25. g4 Rd7 26. Qf3 Rfd8 27. Bg3 Kg8 28. Bf4 Rd2 29. Rxd2 Rxd2 30. Rd1 Rd3 31. Qa8+ Bf8 32. Rb1 Qa5 33. g5 Qa4 34. gxh6 Rd1+ 35. Rxd1 Qxd1+ 36. Kg2 Qg4+ 37. Kf1 Qd1+ 38. Kg2 Qd5+ 39. Qxd5 exd5 40. hxg7 Kxg7 41. Bg5 a5 42. Bf6+ Kh6 43. Kf3 Kxh5 44. Bd8 b4 45. Bxa5 bxa3 46. bxa3 Bxa3 47. Ke2 Kg6 48. f4 Kf5 49. Bc3 Ke4 50. Bd4 Bc1 51. Kf2 Bd2 52. Ke2 c3 53. Kd1 Bxe3 54. Bxe3 Kxe3 55. f5 d4 56. e6 Kd3 57. e7 c2+ 58. Kc1 Kc3 59. e8=Q d3 60. Qe3 Kc4 61. f6 Kb3 62. Qxd3+ 1-0


[Site "https://www.chess.com"]

[Event "Titled Tuesday Blitz June 6 Early 2023"]
[White "Andreev, Konstantin"]
[Black "Veiga, Jose Francisco R P Neves"]
[WhiteFideId "24239305"]
[BlackFideId "1930087"]
[WhiteElo "2106"]
[BlackElo "2319"]
[Result "0-1"]
[Round "9"]
[TimeControl "180+2"]
[Date "2023.06.06"]
[WhiteClock "0:00:48"]
[BlackClock "0:01:19"]
[Board "44"]

1. e4 c5 2. Nf3 e6 3. d4 cxd4 4. Nxd4 Nc6 5. Nc3 Nf6 6. Ndb5 d6 7. Bf4 e5 8. Bg5 a6 9. Na3 Be7 10. Nd5 Nxd5 11. exd5 Bxg5 12. dxc6 bxc6 13. g3 O-O 14. Bg2 d5 15. c4 e4 16. Nc2 Re8 17. O-O Bf6 18. Rb1 d4 19. Re1 Bf5 20. Nb4 Qb6 21. Qa4 a5 22. Nc2 Rad8 23. b4 axb4 24. Nxb4 Qc5 25. Qxc6 Qxc6 26. Nxc6 Rc8 27. Rb6 Re6 28. g4 Bg6 29. Reb1 h6 30. Rb8 Rxc6 0-1


[Site "https://www.chess.com"]